 Dungeon Crawl Stone Soup version 0.29-a0-1-gf2d273c862 (webtiles) character file.

Game seed: 6156012247080373153

3273 GordonOverkill the Cleaver (level 9, -5/57 HPs)
             Began as a Deep Elf Fighter on Jan 26, 2022.
             Was an Initiate of Ashenzari.
             Slain by a water moccasin (7 damage)
             ... on level 5 of the Dungeon.
             The game lasted 00:17:03 (6183 turns).

GordonOverkill the Cleaver (Deep Elf Fighter)       Turns: 6183, Time: 00:17:04

Health: -5/57      AC:  8    Str: 23    XL:     9   Next: 68%
Magic:  11/11      EV:  9    Int: 14    God:    Ashenzari [......]
Gold:   1345       SH:  6    Dex: 14    Spells: 8/8 levels left

rFire   + . .      SeeInvis .   a - +3 dagger (venom)
rCold   + . .      Faith    .   u - +2 buckler
rNeg    . . .      Spirit   .   j - +0 scale mail
rPois   .          Reflect  .   e - +1 helmet of the All-seeing Sorrow {Alch, Cun} (curse)
rElec   .          Harm     .   q - scarf {repulsion}
rCorr   .          Rampage  .   (no gloves)
Will    .....                   (no boots)
Stlth   ..........              (no amulet)
HPRegen 0.19/turn               p - ring of Suspicion {rF+ Str+6}
MPRegen 0.12/turn               t - ring of protection from cold

@: lethally poisoned (-5 -> -20), repel missiles
A: no striking features
a: Renounce Religion, Curse Item, Shatter the Chains


You were on level 5 of the Dungeon.
You worshipped Ashenzari.
Ashenzari was noncommittal.
You visited 1 branch of the dungeon, and saw 5 of its levels.
You also visited: Sewer.

You collected 1345 gold pieces.

Inventory:

Hand Weapons
 a - a +3 dagger of venom (weapon)
 b - a +2 dagger of protection
 g - a +0 war axe
Missiles
 f - 18 poisoned darts (quivered)
Armour
 c - a +0 leather armour of fire resistance
 e - the cursed +1 helmet of the All-seeing Sorrow (worn) {Alch, Cun}
   (You found it on level 4 of the Dungeon)

   It has a curse which improves the following skills: Alchemy: Poison Magic and
   Transmutations.
   Cunning:   Dodging and Stealth.
 j - a +0 scale mail (worn)
 q - a scarf of repulsion (worn)
 u - a +2 buckler (worn)
Jewellery
 m - a ring of magical power
 p - the ring of Suspicion (left hand) {rF+ Str+6}
   (You acquired it on level 5 of the Dungeon)

   [ring of strength]

   Str:       It affects your strength (+6).
   rF:        It protects you from fire.
 t - a ring of protection from cold (right hand)
Wands
 s - a wand of iceblast (6)
Scrolls
 l - a scroll of enchant armour {unknown}
Potions
 h - 3 potions of mutation
 i - 3 potions of haste
 k - a potion of magic
 n - a potion of curing
 o - a potion of lignification {unknown}


   Skills:
 - Level 7.3 Fighting
 - Level 3.0 Short Blades
 * Level 13.9 Axes
 - Level 2.4 Armour
 - Level 2.4 Shields


You had 8 spell levels left.
You didn't know any spells.
Your spell library contained the following spells:

 Spells                   Type           Power      Damage    Failure   Level
 Summon Small Mammal      Summ           0%         N/A       69%         1
 Static Discharge         Conj/Air       0%         N/A       83%         2
 Call Canine Familiar     Summ           0%         N/A       96%         3
 Gell's Gravitas          Tloc           0%         N/A       96%         3
 Summon Guardian Golem    Hex/Summ       0%         N/A       96%         3
 Teleport Other           Tloc           0%         N/A       96%         3
 Tukima's Dance           Hex            0%         N/A       96%         3
 Passage of Golubria      Tloc           0%         N/A       100%        4
 Lightning Bolt           Conj/Air       0%         1d11      100%        5
 Yara's Violent Unravell  Hex/Tmut       0%         3d3       100%        5
 Dispersal                Tloc           0%         N/A       100%        6
 Maxwell's Capacitive Co  Air            0%         ∞         100%        8


Dungeon Overview and Level Annotations

Branches:
Dungeon (5/15)             Temple (0/1) D:4           Sewer (visited)

Altars:
Ashenzari
Xom


Message History

You are too injured to fight recklessly!
You barely miss the water moccasin.
The water moccasin is almost dead.
* * * LOW HITPOINT WARNING * * *
You feel very sick. You block the water moccasin's attack.
Really quaff the potion of mutation? [Y]es or [N]o only, please.
Really quaff the potion of mutation?
Okay, then.
What are your orders? t - Shout!
Orders for allies: a - Attack new target. r - Retreat! s - Stop attacking. g - Guard the area. f - Follow me.
Anything else - Cancel.
Okay, then.
Unknown command.
Really quaff the potion of mutation? [Y]es or [N]o only, please.
Really quaff the potion of mutation?
Okay, then.
What are your orders? t - Shout!
Orders for allies: a - Attack new target. r - Retreat! s - Stop attacking. g - Guard the area. f - Follow me.
Anything else - Cancel.
Okay, then.
Unknown command.
Unknown command.
Okay, then.
Okay, then.
* * * LOW HITPOINT WARNING * * *
You feel very sick.
You drop 2 potions of might.
You stop dropping stuff.
* * * LOW HITPOINT WARNING * * *
You feel very sick. The water moccasin bites you!
You die...

#.#.......##.......##
#.#.....#.#.........###
#.#.......+.........'..
#.#.....#.#.........###
#.......#.##.......##
###.##.##.###....)##
#.......# ##...##
####.#### ##'##
#...@S..#####.#######
#.##.##........÷..... #
#.........)######.
#.##..###..)## #>...
#....<# #.# ##...## #.#
#..## #.. ...## ####


You could see a water moccasin.

Vanquished Creatures
  A water moccasin (D:4)
  An ice beast (D:5)
  A centaur (D:5)
  3 kobold brigands (Sewer)
  A gnoll sergeant (D:4)
  A scorpion (D:5)
  2 howler monkeys (D:4)
  A centaur zombie (D:4)
  A gnoll shaman (D:4)
  An orc priest (D:5)
  A bullfrog skeleton (D:3)
  4 hounds
  2 iguanas (D:4)
  3 orc wizards
  18 gnolls (D:4)
  6 adders
  An adder skeleton (D:4)
  A worm (D:3)
  4 dart slugs
  21 orcs
  7 ball pythons
  6 bats
  3 endoplasms
  7 giant cockroaches
  9 goblins
  5 hobgoblins
  18 jackals
  20 kobolds
  4 quokkas (D:4)
  3 frilled lizards
  7 rats
163 creatures vanquished.

Vanquished Creatures (others)
  A gnoll (D:4)
  2 orcs (D:4)
  4 plants (D:4)
7 creatures vanquished.

Grand Total: 170 creatures vanquished

Notes
Turn   | Place    | Note
-------+----------+-------------------------------------------
     0 | D:1      | GordonOverkill the Deep Elf Fighter began the quest for the
                  | Orb.
     0 | D:1      | Reached XP level 1. HP: 13/13 MP: 3/3
   393 | D:1      | Reached skill level 1 in Short Blades
   479 | D:1      | Reached XP level 2. HP: 18/18 MP: 4/4
   707 | D:2      | Reached XP level 3. HP: 22/22 MP: 5/5
  1116 | D:3      | Reached skill level 2 in Axes
  1177 | D:3      | Reached XP level 4. HP: 27/27 MP: 6/6
  1415 | D:3      | Found a faded altar of an unknown god.
  1447 | D:3      | Prayed at the altar of an unknown god.
  1447 | D:3      | Became a worshipper of Ashenzari the Shackled
  1493 | D:3      | Found a sacrificial altar of Ru.
  1495 | D:3      | Found a blossoming altar of Fedhas.
  1495 | D:3      | Found a shimmering altar of Xom.
  1628 | D:3      | Found a stormy altar of Qazlal.
  1628 | D:3      | Found a hazy altar of Hepliaklqana.
  1628 | D:3      | Found an ancient bone altar of Kikubaaqudgha.
  2139 | D:4      | Found a glowing drain.
  2195 | Sewer    | Entered a sewer
  2481 | Sewer    | Noticed a kobold brigand
  2481 | Sewer    | Noticed a kobold brigand
  2496 | Sewer    | Killed a kobold brigand
  2497 | Sewer    | Reached skill level 3 in Axes
  2497 | Sewer    | Reached XP level 5. HP: 17/32 MP: 7/7
  2524 | Sewer    | Reached XP level 6. HP: 18/37 MP: 8/8
  2795 | Sewer    | Reached skill level 11 in Axes
  2795 | Sewer    | Reached XP level 7. HP: 40/41 MP: 9/9
  2796 | Sewer    | Reached skill level 13 in Axes
  2796 | Sewer    | Reached XP level 8. HP: 45/46 MP: 10/10
  2797 | Sewer    | Reached XP level 9. HP: 56/57 MP: 11/11
  3320 | D:4      | Found a staircase to the Ecumenical Temple.
  5416 | D:5      | Entered Level 5 of the Dungeon
  5418 | D:5      | Identified 2 scrolls of acquirement
  5418 | D:5      | Acquired 1033 gold pieces
  5420 | D:5      | Acquired the ring of Suspicion {rF+ Str+6}
  6183 | D:5      | HP: 2/57 [poisoned by a water moccasin]
  6183 | D:5      | Slain by a water moccasin

Illustrated notes

Levels and vault maps discovered:
D:1:      minmay_arrival_split_and_join, layout_basic
D:2:      layout_rooms, hangedman_abyss_or_decor_lesser_grid,
          minmay_misc_feat_secret_circle
D:3:      cheibrodos_greedy_goblins, layout_basic, doesnt_xom_only_xom,
          ebering_ecumenical_altar_petrified
D:4:      lemuel_castle_with_subvaults [lemuel_castle_interior_carwin_1],
          layout_gridville, minmay_temple_entry_crystal_x, gup_sewer_entry_pipe
D:5:      layout_loops_corners, tgw_fedhas, lemuel_round_altar, serial_shops,
          shop

Skill      XL: |  1  2  3  4  5  6  7  8 |
---------------+-------------------------+-----
Short Blades   | 1 2 3 |  3.0
Axes           | 2 3 11 13 | 13.9
Fighting       | 3 7 |  7.3
Armour         | |  2.4
Shields        | |  2.4

Action                   |  1- 3 |  4- 6 |  7- 9 || total
-------------------------+-------+-------+-------++-------
Melee: War axe           |    13 |       |       ||    13
       Dagger            |    51 |   170 |   392 ||   613
Invok: Curse Item        |       |       |     1 ||     1
  Use: Scroll            |       |     6 |     4 ||    10
       Potion            |       |     5 |     4 ||     9
Armor: Scale mail        |    27 |    77 |   134 ||   238
Dodge: Dodged            |    30 |    56 |   130 ||   216
Block: Buckler           |     8 |    35 |    78 ||   121

Table legend: (Time is in decaauts)
 A = Elapsed time spent in this place.
 B = Non-inter-level travel time spent in this place.
 C = Inter-level travel time spent in this place.
 D = Time resting spent in this place.
 E = Time spent auto-exploring this place.
 F = Levels seen in this place.
 G = Mean time per level.
                   A        B        C        D        E       F      G
               +--------+--------+--------+--------+--------+-----+--------+
         Total |   6138 |   5916 |    222 |   2176 |   2154 |   6 | 1023.0 |
       Dungeon |   5215 |   4993 |    222 |   1647 |   2051 |   5 | 1043.0 |
         Sewer |    923 |    923 |      0 |    529 |    102 |   1 |  923.0 |
               +--------+--------+--------+--------+--------+-----+--------+

Top non-repeatable levels by time:
     D:4: 2622 daAuts
     D:3: 990 daAuts
   Sewer: 923 daAuts
     D:1: 546 daAuts
     D:2: 533 daAuts
     D:5: 522 daAuts
